Map: [ESL] Inside and Out

Players

BattleB

  • Race: Terran Terran
  • Spawn Location: 7:00

MaNa - Winner!

  • Race: Protoss Protoss
  • Spawn Location: 1:00

Event: DreamHack SC2 Masters 2022 Atlanta (Online)

VOD

Have the link to the VOD?

Description

Time

  • Played on: Oct. 9, 2022, 10:20 a.m.
  • Length: 15:20

All games in this series

Show
View Real Time Build Order
Export as new Build Order

BattleB Terran 

Build Orders: Cyclone Opening 

Get SALT Encoding   

  12  0:00  SCV  
  13  0:12  SCV  
  14  0:16  Supply Depot  
  14  0:25  SCV  
  15  0:38  SCV  
  15  0:39  Barracks  
  16  0:44  Refinery  
  16  0:50  SCV  
  16  0:51  Refinery  
  17  1:02  SCV  
  18  1:14  SCV  
  19  1:26  Reaper  
  19  1:27  Orbital Command  
  19  1:28  Supply Depot  
  20  1:40  Factory  
  20  1:52  SCV  
  21  1:59  Reaper  
  22  2:04  SCV  
  23  2:17  Command Center  
  23  2:18  SCV  
  24  2:26  Factory Tech Lab  
  24  2:32  SCV  
  24  2:34  Supply Depot  
  25  2:38  Barracks Reactor  
  25  2:44  SCV  
  25  2:45  Cyclone  
  29  2:56  SCV  
  29  2:57  Starport  
  30  3:08  SCV  
  31  3:14  Marine x2  
  31  3:18  Cyclone  
  35  3:21  SCV  
  36  3:32  Marine x2  
  36  3:33  SCV  
  37  3:34  Viking  
  39  3:52  Supply Depot  
  39  3:54  SCV, Marine x2  
  39  3:55  Orbital Command  
  42  3:59  Cyclone  
  45  4:06  SCV  
  45  4:08  Medivac  
  48  4:13  Marine x2  
  50  4:18  Barracks, SCV  
  50  4:22  SCV  
  52  4:26  Supply Depot  
  52  4:31  SCV, Marine x2  
  53  4:36  Barracks  
  53  4:38  SCV  
  56  4:40  Starport Tech Lab  
  56  4:43  SCV  
  57  4:47  Engineering Bay  
  57  4:50  Siege Tank  
  60  4:53  SCV  
  60  4:56  SCV  
  60  4:59  Marine x2  
  60  5:08  SCV x2  
  57  5:17  Marine  
  57  5:20  SCV x2  
  51  5:27  Marine  
  46  5:30  Stimpack, Marine, Starport Reactor  
  46  5:32  SCV x2  
  48  5:44  SCV  
  48  5:45  SCV, Factory Reactor  
  48  5:46  Marine x2  
  48  5:48  Terran Infantry Weapons Level 1  
  48  5:49  Combat Shield, Marine  
  51  5:57  SCV x2  
  54  5:58  Marauder  
  54  6:01  Supply Depot  
  54  6:02  Refinery  
  56  6:08  Marauder  
  56  6:09  SCV x2  
  56  6:10  Marine x2  
  62  6:12  Bunker  
  62  6:14  Refinery  
  62  6:19  Marine  
  62  6:21  SCV x2  
  62  6:23  Medivac  
  62  6:25  Supply Depot  
  67  6:29  Marine  
  68  6:33  SCV x2, Medivac  
  68  6:36  Barracks  
  68  6:37  Marine x2  
  73  6:41  Barracks  
  73  6:43  Widow Mine  
  73  6:45  SCV x2  
  79  6:47  Widow Mine  
  79  6:50  Supply Depot  
  81  6:54  Marauder  
  81  6:56  Marauder  
  81  7:00  Supply Depot, Marine x2  
  85  7:11  Supply Depot, Concussive Shells  
  85  7:12  Widow Mine x2  
  89  7:19  Medivac x2  
  89  7:22  Marauder x2  
  97  7:27  Supply Depot  
  97  7:28  Marine x2  
  99  7:30  Marine  
  99  7:31  Marine  
  101  7:42  Supply Depot  
  101  7:43  Terran Infantry Armor Level 1, Marine  
  102  7:52  Medivac x2, Widow Mine x2, Marine  
  107  7:59  Marine x2  
  107  8:01  Marine x2  
  110  8:06  Supply Depot, Marine  
  104  8:15  Marine  
  104  8:16  Marine  
  104  8:20  Marauder  
  104  8:25  Barracks Reactor, Marauder  
  106  8:33  Marine  
  107  8:36  Command Center, Marine  
  107  8:38  Viking  
  109  8:42  Barracks Tech Lab  
  109  8:43  Viking  
  109  8:45  Marine  
  109  8:46  Marine  
  104  8:51  Marine  
  104  8:53  SCV x2  
  105  8:59  Marine  
  100  9:03  Marine  
  100  9:05  SCV x2  
  100  9:08  Marine x2  
  101  9:13  Marauder x2, Marine  
  106  9:17  SCV, Marine  
  106  9:19  Ghost Academy  
  105  9:25  Marine  
  105  9:26  Marauder, Marine  
  105  9:27  Viking x2  
  113  9:31  Marine  
  113  9:33  SCV, Marine  
  113  9:34  SCV  
  113  9:36  Marine x2  
  119  9:47  SCV x2  
  119  9:50  Ghost  
  119  9:51  Ghost  
  125  9:55  Ghost  
  127  10:02  Starport  
  129  10:08  Viking  
  127  10:17  Viking  
  127  10:18  Orbital Command  
  127  10:19  SCV x2  
  127  10:30  Marauder x2  
  127  10:31  SCV x2  
  130  10:40  Viking  
  132  10:43  SCV  
  132  10:44  SCV x2  
  135  10:51  Viking x2  
  135  10:55  Viking, SCV  
  135  10:56  SCV  
  143  10:58  Ghost  
  143  11:00  Ghost  
  143  11:02  Marauder  
  149  11:11  Supply Depot  
  149  11:13  Supply Depot  
  149  11:21  Supply Depot  
  149  11:33  Marauder x2, Marine x4  
  149  11:35  Viking, Marauder  
  159  11:51  Marine x2  
  151  11:54  Marine  
  151  11:55  Marauder x2  
  151  11:56  Marauder  
  151  11:57  Marine  
  126  12:08  Marine  
  107  12:16  Marauder x2  
  107  12:18  Marauder, Marine  
  107  12:19  Viking x3  
  107  12:20  Medivac  
  107  12:22  Marine  
  115  12:23  Refinery  
  115  12:28  Refinery, Marine  
  115  12:29  Marine  
  117  12:38  Marauder x2, Marine  
  117  12:39  Marauder, Marine  
  125  12:47  Engineering Bay, Marine x2  
  125  12:49  Armory  
  127  12:52  Medivac x2  
  127  12:53  Medivac x2  
  127  12:58  Marine x2  
  136  12:59  Bunker  
  136  13:04  Ghost x2  
  141  13:07  Ghost  
  141  13:09  Marine x2  
  145  13:18  Missile Turret  
  144  13:30  Marine x4  
  144  13:33  Marauder  
  144  13:34  Marauder  
  152  13:36  Marauder  
  154  13:48  Marine x3  
  154  13:50  Marine  
  154  13:54  Barracks, Ghost x2  
  161  13:56  Barracks  
  161  14:00  Barracks  
  161  14:05  Marauder  
  161  14:06  Medivac  
  161  14:07  Marine  
  164  14:10  Marine  
  164  14:13  Medivac, Marine  
  164  14:14  Marine  
  169  14:23  Marauder  
  169  14:24  Marauder  
  173  14:40  Supply Depot  
  173  14:44  Supply Depot  
  173  14:47  Barracks Tech Lab x2  
  173  14:49  Barracks Reactor  
  173  14:55  Supply Depot  
Show
View Real Time Build Order
Export as new Build Order

MaNa Protoss - Winner!

Build Orders: 1 Gate Expand, Oracle Opening, Phoenix Opening 

Get SALT Encoding   

  12  0:00  Probe  
  13  0:12  Probe  
  14  0:17  Pylon  
  14  0:24  Probe (Chrono Boost)  
  16  0:35  Gateway  
  16  0:36  Probe (Chrono Boost)  
  16  0:43  Probe (Chrono Boost)  
  16  0:45  Assimilator  
  17  0:51  Probe  
  18  1:03  Probe  
  19  1:18  Nexus  
  19  1:30  Cybernetics Core  
  19  1:34  Probe  
  19  1:39  Assimilator  
  20  1:46  Probe  
  21  1:50  Pylon  
  21  1:58  Probe  
  22  2:06  Adept (Chrono Boost)  
  22  2:10  Probe  
  22  2:15  Stargate  
  25  2:22  Probe  
  26  2:23  Warp Gate  
  26  2:27  Adept (Chrono Boost)  
  28  2:33  Probe  
  28  2:36  Probe  
  30  2:45  Probe  
  30  2:49  Probe  
  32  2:56  Oracle (Chrono Boost)  
  32  2:57  Probe  
  32  3:00  Adept  
  32  3:03  Probe  
  38  3:09  Probe  
  38  3:11  Pylon  
  39  3:15  Probe  
  40  3:21  Probe  
  40  3:27  Probe  
  40  3:32  Phoenix  
  40  3:33  Probe  
  43  3:37  Gateway  
  43  3:39  Probe  
  44  3:43  Twilight Council  
  44  3:50  Pylon  
  44  3:51  Probe  
  44  3:55  Probe  
  46  4:04  Shield Battery  
  46  4:08  Probe x2  
  48  4:12  Sentry  
  48  4:14  Pylon  
  48  4:15  Charge (Chrono Boost)  
  50  4:20  Probe x2  
  50  4:32  Phoenix, Probe x2  
  50  4:37  Zealot x2  
  58  4:47  Pylon  
  58  4:51  Nexus  
  58  5:00  Stalker x2  
  61  5:13  Probe  
  61  5:14  Probe  
  53  5:23  Stalker  
  53  5:24  Stalker  
  53  5:27  Probe x2  
  55  5:33  Phoenix  
  57  5:36  Assimilator  
  57  5:39  Probe x2  
  57  5:40  Assimilator  
  59  5:45  Gateway x2  
  59  5:48  Robotics Facility  
  59  5:51  Probe x2 (Chrono Boost)  
  61  6:02  Probe (Chrono Boost)  
  61  6:03  Forge, Probe x2 (Chrono Boost)  
  64  6:11  Gateway x2  
  65  6:12  Probe x3 (Chrono Boost)  
  65  6:14  Sentry  
  65  6:17  Probe x2 (Chrono Boost)  
  69  6:19  Probe  
  72  6:29  Probe x2  
  72  6:31  Probe  
  75  6:36  Protoss Ground Weapons Level 1, Immortal (Chrono Boost)  
  75  6:37  Robotics Bay  
  79  6:41  Probe  
  79  6:42  Probe  
  79  6:43  Probe, Assimilator  
  79  6:45  Pylon  
  79  6:46  Pylon  
  82  6:54  Pylon  
  82  6:57  Probe x2  
  84  7:05  Zealot x2  
  88  7:08  Shield Battery, Zealot x2  
  92  7:21  Gateway  
  92  7:22  Colossus (Chrono Boost)  
  89  7:23  Photon Cannon  
  89  7:27  Extended Thermal Lance, Photon Cannon  
  95  7:31  Zealot x4  
  95  7:33  Sentry  
  95  7:34  Probe x2  
  107  7:40  Shield Battery  
  107  7:42  Shield Battery  
  106  7:45  Zealot  
  106  8:01  Pylon  
  106  8:06  Colossus (Chrono Boost)  
  106  8:11  Stalker  
  106  8:12  Stalker  
  106  8:15  Stalker x2  
  106  8:17  Blink  
  106  8:18  Probe  
  106  8:19  Probe  
  110  8:22  Shield Battery, Zealot x2  
  110  8:23  Zealot  
  116  8:31  Shield Battery  
  116  8:33  Probe  
  117  8:38  Nexus, Probe  
  117  8:39  Pylon  
  114  8:43  Photon Cannon  
  110  8:49  Zealot x5  
  110  8:51  Probe  
  113  9:00  Stalker x2  
  113  9:07  Probe x3  
  113  9:08  Warp Prism (Chrono Boost)  
  115  9:13  Protoss Ground Weapons Level 2 (Chrono Boost)  
  117  9:18  Templar Archives  
  117  9:23  Zealot x2  
  119  9:28  Stalker  
  119  9:30  Probe x3  
  123  9:34  Shield Battery  
  123  9:35  Sentry  
  125  9:47  Colossus (Chrono Boost)  
  125  9:48  Pylon  
  125  9:50  Probe x2  
  133  9:56  Assimilator  
  133  9:57  High Templar  
  133  9:58  High Templar  
  137  10:01  Photon Cannon  
  137  10:02  Archon  
  137  10:05  Probe x2  
  139  10:09  Stalker x2  
  139  10:10  Stalker x2  
  145  10:18  Pylon  
  145  10:22  Pylon  
  145  10:33  Disruptor (Chrono Boost)  
  144  10:35  Robotics Facility  
  144  10:37  Zealot x6  
  154  10:48  Probe  
  154  10:49  Pylon  
  145  10:55  Probe  
  142  10:58  Photon Cannon  
  142  10:59  Photon Cannon  
  142  11:00  Photon Cannon  
  142  11:03  Stalker x4  
  150  11:06  Disruptor (Chrono Boost)  
  150  11:09  Shield Battery, Pylon  
  153  11:12  Zealot x3  
  157  11:23  Disruptor  
  158  11:35  Zealot x7  
  158  11:37  Disruptor  
  153  12:00  Stalker x7  
  153  12:01  Disruptor (Chrono Boost)  
  153  12:02  Probe  
  153  12:03  Probe  
  111  12:18  Disruptor (Chrono Boost)  
  108  12:24  Stalker x6  
  108  12:25  Zealot  
  113  12:32  Assimilator  
  113  12:33  Assimilator  
  113  12:41  Colossus (Chrono Boost)  
  119  12:44  Sentry, Photon Cannon  
  119  12:45  Photon Cannon  
  119  12:46  Nexus  
  119  12:47  Zealot x4  
  129  12:56  Dark Shrine  
  129  12:57  Observer (Chrono Boost)  
  130  13:04  Zealot x2  
  134  13:10  Gateway  
  134  13:11  Observer (Chrono Boost)  
  134  13:13  Pylon  
  134  13:14  Gateway  
  134  13:15  Gateway  
  134  13:16  Forge  
  134  13:17  Probe  
  134  13:18  Probe  
  137  13:21  Observer  
  137  13:29  Immortal  
  137  13:33  Robotics Facility  
  141  13:36  Immortal  
  141  13:40  High Templar x2  
  147  13:45  Archon  
  147  13:48  Observer  
  147  13:49  Zealot x4, Pylon  
  155  13:58  Zealot  
  155  14:13  Colossus  
  155  14:15  Colossus  
  166  14:17  Stalker x3  
  172  14:24  Stalker x3  
  178  14:43  Dark Templar x4  
  190  14:56  Zealot, Stalker x3  
  196  15:03  Zealot x2  
Tags
 
Add a new tag
Caveats
  • Supply blocks, unpowered buildings, or Contaminate may cause inaccurate times.
  • Supply counts are checked every 10 seconds.